AoeStats
← Flyingexcavator

Arena

509672475Analyzed
2v2 RM · 4d ago on Sep 27, 2026· 46m 17s· 4 players
Game mode
Random Map
Map size
Medium (4 player)
Population
200
Speed
Normal
Resources
Standard
Victory
Conquest
Starting age
Dark Age
Ending age
Imperial Age
RankedLock teamsTeams togetherTeam positionsShared explorationLock speedFull tech treeHidden civsTurbo modeCheats
Victory
Defeat
🇨🇭 Japanese · Switzerland
890
+13
🇨🇭 Franks · Switzerland
841
+15
🇦🇷 Sicilians · Argentina
868
-37
🇦🇷 Teutons · Argentina
781
-22
TheBrewer3557
11:39 Feudal Age
16:42 Castle Age
15:33 Double-Bit Axe
16:53 Stone Mining
18:02 Loom
18:08 Town Watch
30:29 Bloodlines
31:15 Fervor
31:25 Town Patrol
34:33 Imperial Age
32:39 Wheelbarrow
33:12 Gold Mining
33:39 Bow Saw
35:19 Hand Cart
35:50 Conscription
36:40 Horse Collar
38:54 Heated Shot
40:05 Chemistry
39:27 Ballistics
39:36 Elite Teutonic Knight
41:14 Hoardings
41:40 Ironclad
42:31 Arrowslits
42:57 Masonry
42:17 Pikeman
42:48 Cavalier
43:45 Squires
44:50 Paladin
RFM06
10:20 Loom
12:19 Feudal Age
16:45 Castle Age
25:15 Double-Bit Axe
26:22 Scale Mail Armor
28:08 Ballistics
27:59 Pikeman
28:40 Squires
28:47 Squires
28:39 Horse Collar
30:22 Bow Saw
31:26 Wheelbarrow
33:36 Imperial Age
30:56 Town Watch
33:05 Murder Holes
33:34 Heavy Plow
34:05 Forging
34:15 Halberdier
40:23 Iron Casting
39:39 Fletching
39:49 Padded Archer Armor
40:31 Hand Cart
40:49 Crop Rotation
40:38 Elite Skirmisher
41:58 Bodkin Arrow
42:39 Leather Archer Armor
44:52 Chemistry
44:39 Cavalier
45:27 Husbandry
Flyingexcavator
11:56 Feudal Age
13:18 Double-Bit Axe
16:23 Castle Age
19:09 Fletching
19:38 Forging
19:34 Scale Mail Armor
21:53 Wheelbarrow
23:29 Horse Collar
25:20 Gold Mining
26:33 Iron Casting
28:48 Hand Cart
28:38 Town Watch
29:28 Town Patrol
33:12 Imperial Age
30:55 Fletching
31:15 Squires
31:37 Yasama
31:42 Bodkin Arrow
32:03 Chain Mail Armor
33:58 Gold Shaft Mining
33:14 Stone Mining
36:26 Blast Furnace
35:58 Plate Mail Armor
35:16 Loom
35:05 Elite Samurai
38:42 Bracer
39:37 Thumb Ring
39:57 Parthian Tactics
40:35 Kataparuto
40:52 Hoardings
40:40 Conscription
45:43 Bow Saw
45:49 Onager
zwirbelmüüs
11:30 Feudal Age
13:26 Double-Bit Axe
18:52 Castle Age
18:43 Wheelbarrow
19:38 Husbandry
21:11 Gold Mining
25:44 Stone Mining
33:42 Imperial Age
31:51 Scale Barding Armor
31:57 Forging
32:12 Ballistics
31:49 Murder Holes
32:05 Masonry
33:53 Bow Saw
36:18 Chemistry
39:28 Cavalier
42:01 Elite Throwing Axeman
44:32 Paladin
Connection lost

Rejoining the realm…

Still unreachable

The connection could not be restored.

Session expired

The server has moved on; the page needs a fresh start.